Cogmind - Beta 14 @@@ ROGUE MODE // 2024.09.21 @ 08:25:52 Player: unit-retard04 Result: Destroyed by S-10 Pest with Light Assault Rifle Performance ------------- Evolutions (0) 0 Regions Visited (1) 200 Robots Destroyed (6) 30 Value Destroyed (57) 57 Prototype IDs (0) 0 Alien Tech Used (0) 0 Bonus (0) 0 TOTAL SCORE: 287 Bonus ------- None Cogmind --------- Core Integrity 0/250 Matter 270/300 Energy 100/100 System Corruption 0% Temperature Cool (0) Movement Core (50) Location -10/Materials Parts ------- > --- POWER (1) -------- (None) > --- PROPULSION (2) --- (None) > --- UTILITY (2) ------ (None) > --- WEAPON (2) ------- (None) > --- INVENTORY (5) ---- Light Assault Rifle Peak State ------------ > --- POWER ------------ Ion Engine > --- PROPULSION ------- Wheel Compact Wheel > --- UTILITY ---------- Small Storage Unit > --- WEAPON ----------- Assault Rifle Assault Rifle > --- INVENTORY -------- (None) [Rating: 6] Favorites ----------- Power Ion Engine Engine Ion Engine Propulsion Compact Wheel Wheel Compact Wheel Utility Small Storage Unit Storage Small Storage Unit Weapon Assault Rifle Ballistic Gun Assault Rifle Build | -11 -10 ------- Run | Yrd Mat Slots Evolved . | . . Power . | . . Propulsion . | . . Utility . | . . Weapon . | . . Parts Attached 6 | 6 . Power 1 | 1 . Engine 1 | 1 . Core . | . . Reactor . | . . Propulsion 2 | 2 . Treads . | . . Leg . | . . Wheel 2 | 2 . Hover . | . . Flight . | . . Utility 1 | 1 . Device . | . . Storage 1 | 1 . Processor . | . . Hackware . | . . Protection . | . . Artifact . | . . Weapon 2 | 2 . Energy Gun . | . . Energy Cannon . | . . Ballistic Gun 2 | 2 . Ballistic Cannon . | . . Launcher . | . . Special Weapon . | . . Impact Weapon . | . . Slashing Weapon . | . . Piercing Weapon . | . . Special Melee Weapon . | . . Unidentified Prototypes . | . . Parts Lost 5 | . 5 Power 1 | . 1 Propulsion 2 | . 2 Utility . | . . Weapon 2 | . 2 Highest Loss Streak 4 | . 4 To Critical Strikes . | . . Average Slot Usage (%) 50 | . 50 Engine 9 | . 9 Wheel 22 | . 22 Ballistic Gun 18 | . 18 Peak Build Rating 6 | 6 5 Average Rating 3 | 3 3 On Entrance 2 | . 5 Naked Turns 36 | . 36 Heaviest Build 9 | 9 9 Greatest Support 26 | 26 26 Greatest Overweight (x) . | . . Average Overweight (x) . | . . Largest Inventory Capacity 8 | 8 5 Average Capacity 5 | 5 5 Most Carried 4 | 4 1 Average Carried . | 1 . Final Capacity 5 | 5 5 Final Carried 1 | . 1 Class Distribution -------------------- 100% | Mutant Dominant Class ---------------- Mutant | -10/Materials Resources | -11 -10 ----------- Run | Yrd Mat Matter Collected 319 | 229 90 Remotely . | . . Salvage Created 82 | . 82 Parts 7 | . 7 Haulers Intercepted . | . . Recyclers Shooed . | . . Parts Field Recycled . | . . Retrieved Matter . | . . Parts Self-Destructed . | . . Prevented . | . . Kills | -11 -10 ------- Run | Yrd Mat Combat Hostiles Destroyed 4 | . 4 Guns 4 | . 4 Classes Destroyed 3 | . 3 Worker 1 | . 1 Watcher 1 | . 1 Swarmer 4 | . 4 Best Kill Streak 4 | . 4 Combat Bots Only 3 | . 3 Max Kills in Single Turn 1 | . 1 Gunslinging . | . . Exploded . | . . Melee . | . . Uniques/NPCs Destroyed . | . . Combat | -11 -10 -------- Run | Yrd Mat Hostile Shots Fired 96 | . 96 Missed 29 | . 29 Damage Taken 597 | . 597 Core 252 | . 252 Absorbed by Shields . | . . Core Remaining (%) 100 | 100 . Volleys Fired 26 | . 26 Largest 2 | . 2 Hottest 40 | . 40 Shots Fired 38 | . 38 Gun 38 | . 38 Cannon . | . . Launcher . | . . Special . | . . Kinetic 38 | . 38 Thermal . | . . Explosive . | . . Electromagnetic . | . . Robot Hit Streak 4 | . 4 Robot Miss Streak 4 | . 4 Penetration Max . | . . Secondary Targets 1 | . 1 Max Gunslinging Chain 1 | . 1 Shots Hit Robots 16 | . 16 Core Hits 7 | . 7 Critical Kills . | . . Critical Parts Destroyed . | . . Critical Strikes . | . . Melee Attacks . | . . Impact . | . . Slashing . | . . Piercing . | . . Sneak Attacks . | . . Combat Hostiles . | . . Follow-up Attacks . | . . Damage Inflicted 239 | . 239 Guns 239 | . 239 Cannons . | . . Explosions . | . . Melee . | . . Ramming . | . . Kinetic 239 | . 239 Thermal . | . . Explosive . | . . Electromagnetic . | . . Impact . | . . Slashing . | . . Piercing . | . . Highest Corruption . | . . Average Corruption . | . . Corruption Purged . | . . Corruption Blocked . | . . Overload Shots . | . . Overflow Damage . | . . Projectiles . | . . Explosions . | . . Melee . | . . Knockbacks . | . . Impact . | . . Kinetic . | . . Secondary . | . . Self-Inflicted Damage . | . . Shots . | . . Rammed . | . . Targets Rammed . | . . Kicked . | . . Crushed . | . . Highest Temperature 5 | . 5 Average Temperature 5 | . 5 Received Heat Transfer 6 | . 6 Siege Activations . | . . Robots Corrupted . | . . Combat Hostiles . | . . Parts Fried . | . . Impact Corruptions . | . . Robots Melted . | . . Combat Hostiles . | . . Parts Melted . | . . Heat Transferred . | . . Parts Sabotaged . | . . Parts Stolen . | . . Parts Stripped . | . . Power Chain Reactions . | . . Alert | -11 -10 ------- Run | Yrd Mat Peak Influence 117 | . 117 Initial . | . . Average 55 | . 68 Maximum Alert Level . | . . Low Security (%) 100 | 100 100 Level 1 . | . . Level 2 . | . . Level 3 . | . . Level 4 . | . . Level 5 . | . . High Security . | . . Max Security . | . . Squads Dispatched 1 | . 1 Investigation . | . . Extermination . | . . Reinforcement 1 | . 1 Assault . | . . Garrison . | . . Intercept . | . . Searches Triggered . | . . Construction Impeded . | . . Haulers Reinforced . | . . Active Scanning Responses . | . . Cargo Convoy Interrupts . | . . Stealth | -11 -10 --------- Run | Yrd Mat Distress Signals 2 | . 2 Communications Jammed . | . . Distress Signals . | . . Times Spotted 11 | . 11 Peak Tracking Total 5 | . 5 Tactical Retreats . | . . Traps | -11 -10 ------- Run | Yrd Mat Traps Triggered . | . . Indirectly . | . . Trap Hack Attempts . | . . Triggered . | . . Disarmed . | . . Reprogrammed . | . . Reused . | . . Traps Extracted . | . . Installed . | . . Triggered . | . . Machines | -11 -10 ---------- Run | Yrd Mat Machines Disabled . | . . Max in Single Turn . | . . Machines Repaired . | . . Machines Dismantled . | . . Machines Sabotaged . | . . Overloaded Fab Kills . | . . Hacking | -11 -10 --------- Run | Yrd Mat Machines Accessed . | . . Terminals . | . . Fabricators . | . . Repair Stations . | . . Recycling Units . | . . Scanalyzers . | . . Garrison Access . | . . Total Hacks . | . . Successful . | . . Failed . | . . Catastrophic . | . . Database Lockouts . | . . Manual . | . . Terminals . | . . Fabricators . | . . Repair Stations . | . . Recycling Units . | . . Scanalyzers . | . . Garrison Access . | . . Terminal Hacks . | . . Fabricator Hacks . | . . Repair Station Hacks . | . . Recycling Unit Hacks . | . . Scanalyzer . | . . Garrison Access Hacks . | . . Unauthorized Hacks . | . . Terminals . | . . Fabricators . | . . Repair Stations . | . . Recycling Units . | . . Scanalyzers . | . . Garrison Access . | . . Data Cores Recovered . | . . Used . | . . Hacking Detections . | . . Full Trace Events . | . . Feedback Events . | . . Feedback Blocked . | . . Robot Schematics Acquired . | . . Robots Built . | . . Authchips . | . . Time . | . . Total Robot Build Rating . | . . Part Schematics Acquired . | . . Parts Built . | . . Authchips . | . . Time . | . . Total Part Build Rating . | . . Parts Repaired . | . . Time . | . . Parts Recycled . | . . Recycled Matter . | . . Retrieved Matter . | . . Retrieved Components . | . . Parts Scanalyzed . | . . Part Schematics Acquired . | . . Parts Damaged . | . . Bothacking | -11 -10 ------------ Run | Yrd Mat Used RIF Installer . | . . Robots Hacked . | . . Non-combat . | . . Combat . | . . Robot Hacks Applied . | . . Relay Couplers Released . | . . Fabnet Peak Effective % . | . . Robots Rewired . | . . Allies Hacked . | . . Hacks Repelled . | . . Allies | -11 -10 -------- Run | Yrd Mat Total Allies . | . . Largest Group . | . . Highest-Rated Group . | . . Highest-Rated Ally . | . . Total Orders . | . . Ally Attacks . | . . Total Damage . | . . Kills . | . . Allies Corrupted . | . . Allies Melted . | . . Intel | -11 -10 ------- Run | Yrd Mat Robot Analysis Total . | . . Derelict Logs Recovered . | . . Drone Launches . | . . Drone Recoveries . | . . Exploration | -11 -10 ------------- Run | Yrd Mat Turns Passed 215 | 41 174 Spaces Moved 116 | 39 77 Core 14 | 14 . Treads . | . . Legs . | . . Wheels 102 | 25 77 Hover . | . . Flight . | . . Fastest Speed 50 | 50 90 Average Speed 85 | 75 90 Slowest Speed 100 | 90 100 Overloaded Moves . | . . Propulsion Burnouts . | . . Robots Hopped . | . . Cave-ins Triggered . | . . Exploration Rate (%) 14 | 2 27 Regions Visited 1 Branch Regions . Pre-discovered Areas . | . . Known Exits Taken . | . . Unknown Exits Taken 1 | 1 . Scrap Searched . | . . Spaces Dug . | . . Terrain Destroyed . | . . Melee . | . . Projectile . | . . AOE . | . . Terrain Rammed . | . . Walls Destroyed . | . . Machines Disabled . | . . Actions | -11 -10 --------- Run | Yrd Mat Total 194 | 50 144 Wait 40 | . 40 Move 115 | 38 77 Hop . | . . Pick Up 6 | 5 1 Fast Attach 1 | 1 . Attach 5 | 5 . Detach . | . . Swap . | . . Drop 1 | 1 . Fire 26 | . 26 Melee . | . . Ram . | . . Kick . | . . Crush . | . . Escape Stasis . | . . Rewire . | . . Trap . | . . Miscellaneous . | . . Route ------- -11/Scrapyard -10/Materials History --------- Turn | Location | Event 10 | -11/Scrapyard | Discovered new exit (range 14) 42 | -11/Scrapyard | Entered Materials 180 | -10/Materials | Core integrity fell below 50% 197 | -10/Materials | Core integrity fell below 20% 211 | -10/Materials | Lost 4 parts (1p2n1w) 216 | -10/Materials | Destroyed by S-10 Pest with Light Assault Rifle Last Messages --------------- U-05 Engineer lays Concrete. K-01 Serf collects debris. U-05 Engineer lays Concrete. Acquired 15 matter. U-05 Engineer lays Concrete. K-01 Serf collects debris. U-05 Engineer lays Concrete. U-05 Engineer builds a Wall. K-01 Serf collects debris. Ion Engine destroyed. K-01 Serf destroyed. K-01 Serf collects debris. Wheel destroyed. K-01 Serf collects debris. Assault Rifle destroyed. K-01 Serf collects debris. Com. Wheel destroyed. K-01 Serf collects debris. S-10 Pest destroyed. K-01 Serf collects debris. Map ----- +----------------------------------------------------+ | ???????????????????????????? ????? "???????? | | ???????????????????????????? ????? ""??????? | | ????????????????????????????# #????# """?????? | | ???????????????????????###### #???? ???#??? | | ???????????????????????# #???? ? #??? | | ???????????????????????# #???? """ #??? | | ???????????????????????# #???? """ #??? | | ???????????????????????# #???? """ # ?? | | ???????????????????????# #???? = + ?? | | ?????????????????????" # ####?# #??? | | ?????????????????????" + #"#### ????? | | ???????????????????????# ## # #???????? | | ???????????????????????# #???????? | | ???????????????????????# = #???????? | | ???????????????????????+ * #???????? | | ?????????????????????#### #???????? | | ?????????????????????#""" #???????? | | ?????????????????????#"R #######?? | | ?????????????????????#""" #?? | | ?????????????????????#### #?? | | ??????????????????????###* """ " " #?? | | ??????????? ###### """ "T" #?? | | ??????????? """ """ #?? | | ??????????????######### +?? | | ??????????????????????#u #?? | | ?????????????????????## @### #?? | | ?????????????????????# ### ####### #?? | | ?????????????????????# = % ## #????# #?? | | ???????????????????? + %s= ############ ### | | ?????????????????? # ! #????# ! # | | ?????????????????" ?# #????# + # | | ????????????????"" ??## ##????#""" # # | | ??????????????? ????# #?????#""" # # | | ???????????????##?????# w#?????#""" # # | | ??????????????????????# #?????# # # | | ??????????????????????# ??????# # # | | ??????????????????????# ??????####### # | | ??????????????????????# ????????????# # | | ??????????????????????# ????????????# # | | ??????????????????????# ????????????# # | | ??????????????????????# ????????????# # | | ??????????????????????? ????????????# # | | ??????????????????????????????????????###### ## | | ???????????????????????????????????????????# #? | | ???????????????????????????????????????????# +? | | ???????????????????????????????????????????# #? | | ???????????????????????????????????????????# #? | | ???????????????????????????????????????????######? | | ?????????????????????????????????????????????????? | | ?????????????????????????????????????????????????? | +----------------------------------------------------+ Best States ------------- Heat Dissipation 25 Energy Generation 10 Energy Capacity 250 Matter Stores 284 Matter Capacity 300 Sight Range 16 Terrain Scan Density 10 Evasion (%) 50 Item Schematics ----------------- None Robot Schematics ------------------ None Fabricated ------------ Nothing Alien Tech Used ----------------- None Achievements -------------- None Challenges ------------ None Game ------ Seed ForceWarlordCloak Manual? 0 Play Time 00:04:34 Cumulative 2.2 hours Start 2024.09.21 @ 08:23:09 End 2024.09.21 @ 08:25:52 Sessions 1 Manual Loads 0 Difficulty Rogue Special Mode None Game No. 7 Rogue 7 Adventurer 0 Explorer 0 Win Type - Total 0 Types 0/0/0/0/0/0/0/0/0 Lore% 0 Gallery% 5 Achievement% 5 Wizard Run 0 Options --------- Layout 0 ASCII 0 Keyboard 0 Movement Mouse Keybinds 0 Fullscreen 1 Font 18/SmallcapsGlow Map View 38x25 Zoom Use 100% Tactical HUD 0 Map Filters NONE Filters NONE Steam 1 RUN: 549a68df-93f2-4beb-ab5e-79bc89682965